 Dungeon Crawl Stone Soup version 0.29-a0-857-g9b1aa3ac5b (webtiles) character file.

Game seed: 4131662260984161993

5 nxtlvl the Ducker (level 1, -2/13 HPs)
             Began as a Deep Elf Monk on July 17, 2022.
             Slain by a jackal (3 damage)
             ... on level 2 of the Dungeon.
             The game lasted 00:00:40 (118 turns).

nxtlvl the Ducker (Deep Elf Monk)                    Turns: 118, Time: 00:00:40

Health: -2/13      AC:  2    Str:  8    XL:     1   Next: 66%
Magic:  3/3        EV: 13    Int: 14    God:
Gold:   24         SH:  0    Dex: 17    Spells: 0/0 levels left

rFire   . . .      SeeInvis .   a - +0 short sword
rCold   . . .      Faith    .   (no shield)
rNeg    . . .      Spirit   .   d - +0 robe
rPois   .          Reflect  .   (no helmet)
rElec   .          Harm     .   (no cloak)
rCorr   .          Rampage  .   (no gloves)
Will    .....                   (no boots)
Stlth   ++........              (no amulet)
HPRegen 0.04/turn               (no ring)
MPRegen 0.08/turn               (no ring)

@: no status effects
A: no striking features
a: no special abilities


You were on level 2 of the Dungeon.
You visited 1 branch of the dungeon, and saw 2 of its levels.

You collected 24 gold pieces.

Inventory:

Hand Weapons
 a - a +0 short sword (weapon)
 b - a +0 sling
Armour
 d - a +0 robe (worn)
Scrolls
 e - a scroll of teleportation {unknown}
 f - a scroll of poison {unknown}
Potions
 c - a potion of ambrosia


   Skills:
 - Level 2.4 Fighting
 * Level 3.4 Short Blades
 - Level 3.6 Dodging
 - Level 2.4 Stealth


You couldn't memorise any spells.
You didn't know any spells.
Your spell library was empty.

Dungeon Overview and Level Annotations

Branches:
Dungeon (2/15)

Altars:


Message History

The jackal is almost dead.
The jackal bites you. x2
You barely miss the jackal.
The jackal is almost dead.
The jackal bites you but does no damage.
The jackal bites you.
You closely miss the jackal.
The jackal is almost dead.
The jackal closely misses you. The jackal barely misses you.
The jackal bites you.
You barely miss the jackal.
The jackal is almost dead.
The jackal bites you but does no damage.
The jackal closely misses you. The jackal misses you.
You closely miss the jackal.
The jackal is almost dead.
A quokka comes into view.
The jackal completely misses you. The jackal misses you.
You barely miss the jackal.
The jackal is almost dead.
A jackal comes into view.
The jackal bites you. The jackal misses you.
The jackal barks!
You hit the jackal.
You kill the jackal!
The jackal barely misses you. The jackal closely misses you.
The jackal attacks as you move away! The jackal closely misses you.
The jackal attacks as you move away! The jackal closely misses you.
The jackal bites you.
* * * LOW HITPOINT WARNING * * *
You closely miss the jackal. The jackal bites you.
* * * LOW HITPOINT WARNING * * *
You hit the jackal but do no damage. The jackal closely misses you.
You hit the jackal.
The jackal is moderately wounded.
The jackal barely misses you. The jackal closely misses you.
You hit the jackal.
The jackal is almost dead.
The jackal bites you.
You die...

... #.# # #.###
#.. #.#... ..#
.#.#..###
##..##. .h...
..... #..# #..#
#..#
##.#####h.##.#
###.....@hr....#
#.....####..##.#
#...........# #
#......##...#
#......<#...#
###.#.#.#...#
#.#.#.....#
#.#........
#.###.....#


You could see a quokka and 2 jackals.

Vanquished Creatures
  An endoplasm (D:2)
  A hobgoblin (D:1)
  A jackal (D:2)
  A ball python (D:1)
  A bat (D:1)
5 creatures vanquished.

Notes
Turn   | Place    | Note
-------+----------+-------------------------------------------
     0 | D:1      | nxtlvl the Deep Elf Monk began the quest for the Orb.
     0 | D:1      | Reached XP level 1. HP: 13/13 MP: 3/3
   118 | D:2      | Slain by a jackal

Illustrated notes

Levels and vault maps discovered:
D:1:      eino_arrival_cavern_d, layout_loops_corners, grunt_decor_resistance,
          hangedman_decor_slide_cut
D:2:      layout_basic, hellmonk_ecumenical_altar_leap_of_faith

Action                   || total
-------------------------++-------
Melee: Short sword       ||    13
 Fire: Sling             ||    12
Armor: Robe              ||     5
Dodge: Dodged            ||    26

Table legend: (Time is in decaauts)
 A = Elapsed time spent in this place.
 B = Non-inter-level travel time spent in this place.
 C = Inter-level travel time spent in this place.
 D = Time resting spent in this place.
 E = Time spent auto-exploring this place.
 F = Levels seen in this place.
 G = Mean time per level.
                   A        B        C        D        E       F      G
               +--------+--------+--------+--------+--------+-----+--------+
         Total |    121 |    121 |      0 |      0 |     46 |   2 |   60.5 |
       Dungeon |    121 |    121 |      0 |      0 |     46 |   2 |   60.5 |
               +--------+--------+--------+--------+--------+-----+--------+

Top non-repeatable levels by time:
     D:1: 82 daAuts
     D:2: 39 daAuts
